 Dungeon Crawl Stone Soup version 0.29.1-15-g9cfb28693d (webtiles) character file.

Game seed: 2779556221716857566

401 croobank the Ruffian (level 6, -5/61 HPs)
             Began as a Troll Fighter on Apr 23, 2023.
             Slain by a mummy (13 damage)
             ... in an ossuary.
             The game lasted 00:30:06 (2320 turns).

croobank the Ruffian (Troll Fighter)                Turns: 2320, Time: 00:30:07

Health: -5/61      AC:  4    Str: 23    XL:     6   Next: 54%
Magic:  5/5        EV:  8    Int: 14    God:
Gold:   132        SH:  0    Dex:  7    Spells: 5/5 levels left

rFire   . . .      SeeInvis .     - Unarmed
rCold   . . .      Faith    .   b - +0 kite shield
rNeg    . . .      Spirit   .   a - +0 robe
rPois   .          Reflect  .   (helmet restricted)
rElec   .          Harm     .   (no cloak)
rCorr   .          Rampage  .   (gloves unavailable)
Will    .....                   (boots unavailable)
Stlth   +.........              (no amulet)
HPRegen 1.00/turn               (no ring)
MPRegen 0.09/turn               (no ring)

@: confused, mighty, ambrosia-drunk, marked
A: large, unfitting armour, claws 3, regeneration 1, shaggy fur 1, tough skin 1,
clever 2, screaming 1, MP-powered wands
a: no special abilities


You were in an ossuary.
You visited 2 branches of the dungeon, and saw 5 of its levels.
You also visited: Ossuary.

You collected 132 gold pieces.

Inventory:

Hand Weapons
 h - a +0 dagger
 i - a +0 short sword
 p - a +0 sling
 y - a +3 falchion
Missiles
 j - 4 poisoned darts (quivered)
 v - 6 boomerangs
Armour
 a - a +0 robe (worn)
 b - a +0 kite shield (worn)
 x - an orb of light
Wands
 t - a wand of flame (26)
Scrolls
 g - 2 scrolls of identify
 m - a scroll of enchant weapon {unknown}
 n - a scroll of enchant armour {unknown}
 o - a scroll of vulnerability {unknown}
 s - a scroll of teleportation {unknown}
Potions
 d - 2 potions of mutation
 l - a potion of curing
 u - a potion of brilliance
 w - a potion of flight


   Skills:
 + Level 3.5 Fighting
 + Level 2.0 Armour
 - Level 2.5 Dodging
 + Level 3.8 Shields
 * Level 4.6 Unarmed Combat


You had 5 spell levels left.
You didn't know any spells.
Your spell library contained the following spells:

 Spells                   Type           Power      Damage    Failure   Level
 Summon Small Mammal      Summ           0%         N/A       56%         1


Dungeon Overview and Level Annotations

Branches:
Dungeon (4/15)             Temple (1/1) D:4         Ossuary (1/1)

Altars:
Cheibriados
Dithmenos
Elyvilon
Fedhas
Gozag
Kikubaaqudgha
Nemelex Xobeh
Ru
Sif Muna
Trog
Uskayaw
Vehumet
Wu Jian
Xom
Yredelemnul


Innate Abilities, Weirdness & Mutations

You are too large for most types of armour.
You have claws for hands.
Your natural rate of healing is unusually fast.
You are covered in fur. (AC +1)
You have tough skin. (AC +1)
Your mind is very acute. (Int +8, Str/Dex -2)
You occasionally shout uncontrollably at your foes.
You expend magic power (3 MP) to strengthen your wands.


Message History

You claw the mummy!
The mummy is almost destroyed.
The centaur zombie hits you. You block the centaur zombie's attack.
The mummy hits you! The mummy drops a net on you.
You become entangled in the net!
A mummy comes into view. x3
The hobgoblin zombie hits you.
* * * LOW HITPOINT WARNING * * *
You struggle against the net.
The centaur zombie hits you.
* * * LOW HITPOINT WARNING * * *
The centaur zombie barely misses you. The mummy hits you.
* * * LOW HITPOINT WARNING * * *
You struggle against the net.
The centaur zombie hits you but does no damage.
The centaur zombie kicks you but does no damage.
The hobgoblin zombie barely misses you. The centaur zombie hits you.
* * * LOW HITPOINT WARNING * * *
The centaur zombie kicks you but does no damage.
Okay, then.
Okay, then.
You feel better.
The hobgoblin zombie hits you but does no damage.
The centaur zombie hits you.
* * * LOW HITPOINT WARNING * * *
The centaur zombie kicks you.
* * * LOW HITPOINT WARNING * * *
The mummy hits you!
* * * LOW HITPOINT WARNING * * *
Okay, then.
You are confused.
You feel invigorated. The centaur zombie hits you.
* * * LOW HITPOINT WARNING * * *
The centaur zombie kicks you.
* * * LOW HITPOINT WARNING * * *
The hobgoblin zombie hits you.
* * * LOW HITPOINT WARNING * * *
You shred the net and break free! The centaur zombie barely misses you.
The centaur zombie kicks you but does no damage.
The mummy hits you!
You die...

# ###
.#.#.#@###########
..M..ZZMZ.........##
^.M....^...........#
..M....^...∩.∩.....#
^..................#
.^..^....^........##
#.#.#.#.###########
#########


You could see 4 mummies, 2 hobgoblin zombies and a centaur zombie.

Vanquished Creatures
  A phantom (D:4)
  A necrophage (D:4)
  A centaur zombie (Ossuary)
  Jessica (D:2)
  An iguana (D:3)
  Ijyb (D:3)
  2 mummies (Ossuary)
  2 gnolls
  3 adders
  A white imp (D:3)
  2 worms
  4 orcs
  9 endoplasms
  2 giant cockroaches (D:3)
  6 hobgoblins
  3 jackals (D:3)
  3 quokkas
  4 ball pythons
  5 bats
  2 frilled lizards (D:1)
  5 goblins
  5 kobolds
  4 rats
68 creatures vanquished.

Notes
Turn   | Place    | Note
-------+----------+-------------------------------------------
     0 | D:1      | croobank the Troll Fighter began the quest for the Orb.
     0 | D:1      | Reached XP level 1. HP: 22/22 MP: 0/0
    34 | D:1      | Reached XP level 2. HP: 17/29 MP: 1/1
   528 | D:1      | Reached XP level 3. HP: 36/36 MP: 2/2
   831 | D:2      | Found a sacrificial altar of Ru.
  1235 | D:2      | Noticed Jessica
  1240 | D:2      | Killed Jessica
  1241 | D:2      | Reached skill level 1 in Armour
  1241 | D:2      | Reached skill level 3 in Unarmed Combat
  1241 | D:2      | Reached XP level 4. HP: 42/44 MP: 3/3
  1555 | D:3      | Found an ornate altar of the Wu Jian Council.
  1610 | D:3      | Noticed Ijyb
  1616 | D:3      | Gained mutation: You expend magic power (3 MP) to
                  | strengthen your wands. [potion of mutation]
  1616 | D:3      | Gained mutation: Your mind is acute. (Int +4, Str/Dex -1)
                  | [potion of mutation]
  1616 | D:3      | Gained mutation: You occasionally shout uncontrollably at
                  | your foes. [potion of mutation]
  1616 | D:3      | Gained mutation: Your mind is very acute. (Int +8, Str/Dex
                  | -2) [potion of mutation]
  1627 | D:3      | Killed Ijyb
  1700 | D:3      | Found a shimmering blue altar of Sif Muna.
  1704 | D:3      | Reached XP level 5. HP: 40/53 MP: 4/4
  1738 | D:3      | Got Sif Muna's Secrets of the Entourage
  1743 | D:3      | Found a bloodstained altar of Trog.
  1807 | D:3      | Found a faded altar of an unknown god.
  1886 | D:3      | Found a shimmering altar of Xom.
  1992 | D:4      | Found a staircase to the Ecumenical Temple.
  2002 | Temple   | Entered the Ecumenical Temple
  2206 | D:4      | Reached skill level 4 in Unarmed Combat
  2265 | D:4      | Found a sand-covered staircase.
  2267 | D:4      | Noticed a phantom
  2272 | D:4      | Killed a phantom
  2273 | D:4      | Reached XP level 6. HP: 61/61 MP: 5/5
  2287 | Ossuary  | Entered an ossuary
  2320 | Ossuary  | Slain by a mummy

Illustrated notes

Levels and vault maps discovered:
D:1:      minmay_arrival_plants_in_alcoves, layout_rooms, minmay_distorted
D:2:      layout_loops_corners, basic_altar, minmay_between, uniq_jessica
D:3:      layout_rooms, nzn_overflow_gifts_of_might_and_magic,
          marbit_many_paths, nzn_wu_jian_contemplation,
          hellmonk_ecumenical_altar_crossroads, uniq_ijyb
D:4:      layout_rooms, old_standard_altar, tso_altar,
          minmay_temple_entry_ruins, enter_ossuary_1, kennysheep_pointless_box,
          minmay_misc_feat_five
Temple:   nicolae_temple_bog_church
Ossuary:  ossuary_the_hunt_dpeg

Skill      XL: |  1  2  3  4  5  6 |
---------------+-------------------+-----
Shields        | 3 |  3.8
Armour         | 1 2 |  2.0
Unarmed Combat | 3 4 |  4.6
Fighting       | 3 |  3.5
Dodging        | |  2.5

Action                   |  1- 3 |  4- 6 || total
-------------------------+-------+-------++-------
Melee: Unarmed           |   107 |    82 ||   189
  Use: Potion            |       |     7 ||     7
       Scroll            |       |     7 ||     7
Armor: Robe              |    35 |    38 ||    73
Dodge: Dodged            |    26 |    42 ||    68
Block: Kite shield       |    20 |    34 ||    54
